 Dungeon Crawl Stone Soup version 0.25-b1-46-gb8a1ec05df (webtiles) character file.

Game seed: 12444316672758586279

42 lepoulpe303 the Twirler (level 3, 0/30 HPs)
             Began as a Ghoul Gladiator on June 11, 2020.
             Slain by a bat (1 damage)
             ... on level 2 of the Dungeon.
             The game lasted 00:06:21 (1221 turns).

lepoulpe303 the Twirler (Ghoul Gladiator)           Turns: 1221, Time: 00:06:22

Health: 0/30       AC:  9    Str: 18    XL:     3   Next: 54%
Magic:  2/2        EV:  8    Int:  3    God:
Gold:   72         SH:  0    Dex: 10    Spells: 2/2 levels left

rFire    . . .     SeeInvis .   a - +0 quarterstaff
rCold    + . .     Gourm    .   (shield currently unavailable)
rNeg     + + +     Faith    .   q - +0 chain mail
rPois    ∞         Spirit   .   c - +0 helmet
rElec    .         Reflect  .   (no cloak)
rCorr    .         Harm     .   (no gloves)
MR       .....                  (no boots)
Stlth    ..........             (no amulet)
HPRegen  0.00/turn              (no ring)
MPRegen  0.08/turn              (no ring)

@: rotting
A: rotting body, claws 1, carnivore, cold resistance 1, negative energy
resistance 3, inhibited regeneration, torment resistance, unbreathing
a: no special abilities


You were on level 2 of the Dungeon.
You were not hungry.

You visited 1 branch of the dungeon, and saw 2 of its levels.

You collected 72 gold pieces.

Inventory:

Hand Weapons
 a - a +0 quarterstaff (weapon)
Missiles
 d - 3 throwing nets {=f}
 f - 7 atropa-tipped darts (quivered)
Armour
 b - a +0 leather armour
 c - a +0 helmet (worn)
 q - a +0 chain mail (worn)
Scrolls
 g - a scroll of blinking {unknown}
 j - a scroll of fear {unknown}
 k - 2 scrolls of fog {unknown}
 n - a scroll of teleportation {unknown}
 p - a scroll of enchant armour {unknown}
Potions
 h - 3 potions of curing {unknown}
 i - a potion of stabbing {unknown}
 l - a potion of lignification {unknown}
 m - a potion of invisibility {unknown}
 r - a potion of berserk rage {unknown}
Comestibles
 e - 4 rations
 o - 2 chunks of flesh


   Skills:
 + Level 2.6 Fighting
 * Level 3.3 Staves
 + Level 2.1 Throwing
 + Level 3.0 Dodging


You had 2 spell levels left.
You didn't know any spells.
Your spell library was empty.

Dungeon Overview and Level Annotations

Branches:
Dungeon (2/15)

Altars:


Innate Abilities, Weirdness & Mutations

Your body is rotting away.
You thrive on raw meat.
You are immune to poison.
You have sharp fingernails.
You are carnivorous and can eat meat at any time.
Your flesh is cold resistant. (rC+)
You are immune to negative energy. (rN+++)
You do not regenerate when monsters are visible.
You are immune to unholy pain and torment.
You can survive without breathing.


Message History

You take 1 damage, and have 9/30 hp.
You miss the adder. The adder bites you but does no damage.
The gnoll hits you but does no damage.
You barely miss the adder. The adder closely misses you.
The gnoll hits you from afar with a +0 spear.
* * * LOW HITPOINT WARNING * * *
You take 2 damage, and have 7/30 hp.
You closely miss the adder. The adder bites you but does no damage.
The gnoll hits you but does no damage. The adder bites you but does no damage.
Your chain mail prevents you from hitting the adder.
The adder bites you but does no damage.
The gnoll hits you from afar with a +0 spear.
* * * LOW HITPOINT WARNING * * *
You take 6 damage, and have 1/30 hp.
The adder barely misses you. The adder bites you but does no damage.
The bat hits you but does no damage.
You see here a frilled lizard skeleton.
The bat hits you.
You die...

......#### ....g.gg.###
......##S..####..(
..... ###g.....# #...
##g........#
#######..#########
######## ##....######
#......####..#g........
#.........@bSS.########
#.>(...(..######
#<...).#### ########


You could see 2 gnolls, 2 adders and a bat.

Levels and vault maps discovered:
D:1:      elethiomel_arrival_fortress_basement, layout_basic, minmay_3d_cube
D:2:      layout_rooms, nicolae_ru_great_annihilating_truth, uniq_sigmund

Notes
Turn   | Place    | Note
-------+----------+-------------------------------------------
     0 | D:1      | lepoulpe303 the Ghoul Gladiator began the quest for the
                  | Orb.
     0 | D:1      | Reached XP level 1. HP: 17/17 MP: 0/0
    84 | D:1      | Identified a +0 dagger
    95 | D:1      | Reached XP level 2. HP: 18/25 MP: 1/1
   131 | D:1      | Identified a +0 club
   138 | D:1      | Reached skill level 2 in Throwing
   163 | D:1      | Reached skill level 3 in Staves
   355 | D:1      | Identified a +0 club
   437 | D:1      | Identified a +0 dagger
   491 | D:1      | Identified a +0 club
   537 | D:1      | Identified a +0 short sword
   546 | D:1      | Reached XP level 3. HP: 18/30 MP: 2/2
   806 | D:1      | Reached skill level 3 in Dodging
   893 | D:1      | Identified a +0 chain mail (You found it on level 1 of the
                  | Dungeon)
  1192 | D:2      | Identified a +0 dagger
  1193 | D:2      | Identified a +0 spear
  1198 | D:2      | Identified a +0 flail
  1208 | D:2      | HP: 7/30 [gnoll/+0 spear (2)]
  1210 | D:2      | HP: 1/30 [gnoll/+0 spear (6)]
  1221 | D:2      | Slain by a bat

Table legend:
 A = Turns spent in this place as a percentage of turns spent in the entire game.
 B = Non-inter-level travel turns spent in this place as a percentage of non-inter-level travel turns spent in the entire game.
 C = Inter-level travel turns spent in this place as a percentage of turns spent in this place.
 D = Turns resting spent in this place as a percentage of non-inter-level travel turns spent in this place.
 E = Turns spent auto-exploring this place as a percentage of non-inter-level travel turns spent in this place.
 F = Non-inter-level travel turns spent in this place divided by the number of levels of this place that you've seen.
                   A       B       C       D       E      F
               +-------+-------+-------+-------+-------+----------------------
         Total | 100.0 | 100.0 |   1.8 |  20.7 |  55.8 | 599.5
       Dungeon | 100.0 | 100.0 |   1.8 |  20.7 |  55.8 | 599.5
               +-------+-------+-------+-------+-------+----------------------

Table legend:
 A = Kills in this place as a percentage of kills in entire the game.
 B = Kills by you in this place as a percentage of kills by you in the entire game.
 C = Kills by friends in this place as a percentage of kills by friends in the entire game.
 D = Other kills in this place as a percentage of other kills in the entire game.
 E = Experience gained in this place as a percentage of experience gained in the entire game.
 F = Experience gained in this place divided by the number of levels of this place that you have seen.
                   A       B       C       D       E      F
               +-------+-------+-------+-------+-------+----------------------
         Total | 100.0 | 100.0 |   N/A |   N/A | 100.0 |  30.0
       Dungeon | 100.0 | 100.0 |   N/A |   N/A | 100.0 |  30.0
               +-------+-------+-------+-------+-------+----------------------

Skill      XL: |  1  2  3 |
---------------+----------+-----
Throwing       | 2 |  2.1
Staves         | 3 |  3.3
Dodging        | 3 |  3.0
Fighting       | |  2.6

Action                   || total
-------------------------++-------
Melee: Quarterstaff      ||   123
  Eat: Chunk             ||     2
Armor: Leather armour    ||    62
       Chain mail        ||    28
Dodge: Dodged            ||   133

Vanquished Creatures
  3 dart slugs (D:1)
  A leopard gecko (D:2)
  9 bats (D:1)
  A goblin (D:2)
  3 hobgoblins (D:1)
  3 jackals (D:1)
  4 frilled lizards
  7 kobolds
  7 rats
38 creatures vanquished.
